 Dungeon Crawl Stone Soup version 0.27-a0-720-g3f424a255b (webtiles) character file.

Game seed: 2655723690225984891

41751 Johnny the Carver (level 13, -4/136 HPs)
             Began as a Troll Berserker on Mar 23, 2021.
             Was a High Priest of Trog.
             Killed from afar by an oklob plant (15 damage)
             ... with a splash of acid
             ... on level 4 of the Lair of Beasts.
             The game lasted 00:22:39 (14761 turns).

Johnny the Carver (Troll Berserker)                Turns: 14761, Time: 00:22:40

Health: -4/136     AC:  1    Str: 32    XL:     13   Next: 81%
Magic:  0/21       EV: 22    Int:  3    God:    Trog [*****.]
Gold:   1864       SH:  0    Dex: 12    Spells: 12/12 levels left

rFire    + . .     SeeInvis .   P - +7 long sword of Ymugupte {vorpal, rF+ rN+ MP+9 Dex+3}
rCold    . . .     Faith    .   (no shield)
rNeg     + . .     Spirit   +   K - +4 troll leather armour
rPois    .         Reflect  .   M - +2 hat {Will+}
rElec    .         Harm     .   E - +0 cloak
rCorr    .         Rampage  .   (gloves unavailable)
Will     +....                  (boots unavailable)
Stlth    +.........             y - amulet of guardian spirit
HPRegen  2.32/turn              n - +4 ring of evasion
MPRegen  0.17/turn              N - +4 ring of evasion

@: corroded
A: large, unfitting armour, claws 3, regeneration 1, shaggy fur 1, tough skin 1
a: Renounce Religion, Berserk, Trog's Hand, Brothers in Arms


You were on level 4 of the Lair of Beasts.
You worshipped Trog.
Trog was extremely pleased with you.
You visited 2 branches of the dungeon, and saw 17 of its levels.
You also visited: Bailey, Gauntlet and Volcano.

You collected 1908 gold pieces.
You spent 44 gold pieces at shops.

Inventory:

Hand Weapons
 A - a +0 scimitar of flaming
 P - the +7 long sword of Ymugupte (weapon) {vorpal, rF+ rN+ MP+9 Dex+3}
   (You found it on level 2 of the Lair of Beasts)

   It inflicts extra damage upon your enemies.
   It affects your dexterity (+3).
   It protects you from fire.
   It protects you from negative energy.
   It affects your magic capacity (+9).
Armour
 E - a +0 cloak (worn)
 K - a +4 troll leather armour (worn)
 M - a +2 hat of willpower (worn)
Jewellery
 b - a ring of see invisible
 e - the ring "Odypenou" {rF+ rN+ MP-9 SInv}
   (You found it on level 4 of the Lair of Beasts)

   [ring of see invisible]

   It protects you from fire.
   It protects you from negative energy.
   It affects your magic capacity (-9).
   It lets you see invisible.
 n - a +4 ring of evasion (right claw)
 r - a ring of resist corrosion
 s - a ring of protection from cold
 y - an amulet of guardian spirit (around neck)
 L - a ring of flight
 N - a +4 ring of evasion (left claw)
 X - a ring of protection from fire
 Y - a +6 ring of intelligence
Wands
 v - a wand of acid (2)
 D - a wand of digging (13)
 H - a wand of mindburst (13)
Scrolls
 a - 4 scrolls of fear
 c - a scroll of brand weapon
 d - 5 scrolls of vulnerability
 h - 8 scrolls of teleportation
 m - 2 scrolls of magic mapping
 p - 6 scrolls of enchant weapon {unknown}
 x - a scroll of enchant armour
 z - 2 scrolls of identify
 C - 2 scrolls of silence
 J - 3 scrolls of noise
 R - a scroll of random uselessness
 S - 3 scrolls of immolation
 Z - a scroll of blinking
Potions
 f - 7 potions of brilliance
 g - 5 potions of flight
 i - 4 potions of heal wounds
 j - 3 potions of haste
 k - 8 potions of curing {unknown}
 l - 4 potions of resistance {unknown}
 o - 3 potions of degeneration {unknown}
 q - a potion of mutation
 t - a potion of attraction {unknown}
 u - 2 potions of cancellation {unknown}
 w - a potion of ambrosia {unknown}
 B - 3 potions of might {unknown}
 G - 2 potions of magic {unknown}
 U - 3 potions of berserk rage
Miscellaneous
 F - a phantom mirror
 O - a lightning rod (4/4)


   Skills:
 + Level 10.9 Fighting
 * Level 14.5 Long Blades
 - Level 11.9 Dodging


You had 12 spell levels left.
You didn't know any spells.
Your spell library contained the following spells:

 Spells                   Type           Power      Damage    Failure   Level
 Beastly Appendage        Tmut           0%         N/A       56%         1
 Corona                   Hex            0%         N/A       56%         1
 Foxfire                  Conj/Fire      0%         2x1d4     56%         1
 Magic Dart               Conj           0%         1d3       56%         1
 Blink                    Tloc           N/A        N/A       71%         2
 Call Imp                 Summ           0%         N/A       71%         2
 Ensorcelled Hibernation  Hex/Ice        0%         N/A       71%         2
 Slow                     Hex            0%         N/A       71%         2
 Wereblood                Tmut           0%         N/A       71%         2
 Confusing Touch          Hex            0%         N/A       90%         3
 Conjure Flame            Conj/Fire      0%         6-21      90%         3
 Dazzling Flash           Conj/Hex       0%         N/A       90%         3
 Inner Flame              Hex/Fire       0%         N/A       90%         3
 Mephitic Cloud           Conj/Pois/Air  0%         N/A       90%         3
 Spider Form              Tmut/Pois      0%         N/A       90%         3
 Tukima's Dance           Hex            0%         N/A       90%         3
 Cause Fear               Hex            0%         N/A       100%        4
 Ice Form                 Ice/Tmut       0%         N/A       100%        4
 Sticky Flame             Conj/Fire      0%         2d3       100%        4
 Summon Lightning Spire   Summ/Air       0%         N/A       100%        4
 Blade Hands              Tmut           0%         N/A       100%        5
 Fireball                 Conj/Fire      0%         3d3       100%        5
 Silence                  Hex/Air        0%         N/A       100%        5
 Yara's Violent Unravell  Hex/Tmut       0%         3d3       100%        5
 Conjure Ball Lightning   Conj/Air       0%         3x3d6     100%        6
 Discord                  Hex            0%         N/A       100%        8
 Tornado                  Air            0%         N/A       100%        9


Dungeon Overview and Level Annotations

Branches:
Dungeon (13/15)            Temple (0/1) D:5            Lair (4/6) D:8
 Shoals (0/4) Lair:3       Spider (0/4) Lair:2          Orc (0/2) D:12
 Bailey (visited)         Volcano (visited)         Gauntlet (visited)
 Vaults: D:13-14

Altars:
Cheibriados
Dithmenos
Nemelex Xobeh
Okawaru
Qazlal
Ru
Sif Muna
Wu Jian
Xom
The Shining One

Shops:
D:3 ?   D:11 *

Annotations:
Lair:4 exclusion: 3 oklob plants


Innate Abilities, Weirdness & Mutations

You are too large for most types of armour.
You have claws for hands.
Your natural rate of healing is unusually fast.
You are covered in fur. (AC +1)
You have tough skin. (AC +1)


Message History

You now have 1850 gold pieces (gained 14).
You now have 1864 gold pieces (gained 14).
There is a stone staircase leading down here.
You open the door.
Found a pair of boots.
There is an open door here.
A black bear comes into view.
Really walk into a travel-excluded area? [Y]es or [N]o only, please.
Really walk into a travel-excluded area?
The oklob plant spits acid at you. The splash of acid hits you!
You are splashed with acid!
Found a chain mail.
The oklob plant spits acid at you. The splash of acid hits you.
The acid corrodes you!
You are splashed with acid!
The oklob plant spits acid at you. The splash of acid hits you.
The acid corrodes you!
You are splashed with acid!
The oklob plant spits acid at you. The splash of acid hits you!
You are splashed with acid!
You see here a scroll of identify.
z - 2 scrolls of identify (gained 1)
The oklob plant spits acid at you. The splash of acid misses you.
The oklob plant spits acid at you. The splash of acid hits you!
You are splashed with acid!
The oklob plant spits acid at you. The splash of acid hits you!
You are splashed with acid!
The oklob plant spits acid at you. The splash of acid hits you!
* * * LOW HITPOINT WARNING * * *
You are splashed with acid!
* * * LOW HITPOINT WARNING * * *
The oklob plant spits acid at you. The splash of acid hits you!
* * * LOW HITPOINT WARNING * * *
The acid corrodes you!
You are splashed with acid.
* * * LOW HITPOINT WARNING * * *
The oklob plant spits acid at you. The splash of acid hits you!
You die...

#........P... .....
....(.....PP....... ..hP
.........P....[...# ...#
#.........P..$)... ...##
##...............# ##....#
##...^..........# #...#
#..............# ###..#
##..#..........###....###
##..............@........#
####..........#.#........PP#
##...'..........#...[........
'...##.......>#.'........+...
###.#.........###........#P##
# ###.).......# .........# #
##........#######.##..#
#.####.#=# ## #.# ### #####


You could see 3 oklob plants.

Vanquished Creatures
  Rupert (Lair:4)
  Kirke (Lair:4)
  A minotaur (Gauntlet)
  A red draconian (Volcano)
  The ghost of Quifiutz the Spear-Bearer, a journeyman DsGl of Okawaru (Lair:2)
  Fannar (D:12)
  A boulder beetle (D:13)
  Erolcha (D:11)
  3 hydras
  3 two-headed ogres
  Urug (D:11)
  A sixfirhy (Gauntlet)
  A deep elf pyromancer (D:12)
  An orc knight (Bailey)
  4 oklob plants
  5 elephants (Lair:3)
  An apocalypse crab (Gauntlet)
  A guardian serpent (shapeshifter) (D:12)
  4 black mambas
  A torpor snail (Lair:4)
  Maurice (D:10)
  5 cane toads
  A centaur skeleton (D:12)
  A rime drake (Lair:3)
  2 yaktaurs (Volcano)
  An efreet (D:12)
  4 komodo dragons
  A wandering mushroom (Lair:3)
  2 trolls (D:11)
  3 dream sheep (Lair:4)
  6 blink frogs
  A tarantella (Lair:2)
  A wraith (D:10)
  6 wyverns
  4 hogs (Lair:4)
  4 basilisks
  21 yaks
  2 chaos spawn (D:12)
  A warg (D:8)
  Menkaure (D:4)
  Edmund (D:4)
  2 soldier ants (D:13)
  5 water moccasins
  16 orc warriors
  A sky beast (D:9)
  An ice beast (D:11)
  11 ogres
  5 centaurs
  A phantom (D:5)
  4 wolves (Lair:3)
  A wyvern zombie (D:13)
  A kobold brigand (D:10)
  10 bullfrogs
  4 killer bees
  3 scorpions
  15 wights
  4 howler monkeys
  3 quasits
  A centaur zombie (D:11)
  5 hounds
  10 orc priests
  A jelly (D:11)
  3 iguanas
  Jessica (D:3)
  2 bullfrog skeletons
  10 orc wizards
  7 worker ants
  A hound zombie (D:8)
  A hound skeleton (D:7)
  A worker ant zombie (D:9)
  14 adders
  A gnoll (D:13)
  A river rat (Lair:1)
  A shadow imp (Gauntlet)
  3 white imps
  10 ufetubi
  An adder zombie (D:5)
  2 worms
  2 dart slugs
  57 orcs
  3 ball pythons
  10 bats
  7 giant cockroaches
  9 goblins
  6 hobgoblins
  15 jackals
  15 kobolds
  7 oozes
  9 quokkas
  3 frilled lizards
  A jackal zombie (D:5)
  A quokka skeleton (D:6)
  7 rats
418 creatures vanquished.

Vanquished Creatures (collateral kills)
  A hydra (D:11)
  A catoblepas (D:13)
  3 orc knights (Bailey)
  A centaur zombie (D:11)
  A centaur skeleton (D:11)
  A kobold demonologist (D:13)
  2 blink frogs (Lair:1)
  A sky beast (D:11)
  3 orc warriors (Bailey)
  An ogre (D:11)
  3 wights (D:8)
  2 orc wizards
  A gnoll (D:13)
  An orc (D:8)
  2 jackals (D:11)
24 creatures vanquished.

Vanquished Creatures (others)
  An orc warrior (D:8)
  A warg (D:8)
  2 centaurs (Volcano)
  A gnoll sergeant (D:13)
  14 demonic plants (Gauntlet)
  A fungus (Lair:4)
  13 plants
33 creatures vanquished.

Grand Total: 475 creatures vanquished

Notes
Turn   | Place    | Note
-------+----------+-------------------------------------------
     0 | D:1      | Johnny the Troll Berserker began the quest for the Orb.
     0 | D:1      | Reached XP level 1. HP: 22/22 MP: 0/0
   125 | D:1      | Reached XP level 2. HP: 29/29 MP: 1/1
   344 | D:1      | Reached skill level 3 in Long Blades
   554 | D:1      | Reached XP level 3. HP: 29/36 MP: 2/2
   574 | D:1      | Reached ** piety under Trog
  1228 | D:2      | Reached XP level 4. HP: 44/45 MP: 3/3
  1343 | D:3      | Found Huiliol's Magic Scroll Boutique.
  1343 | D:3      | Noticed Jessica
  1349 | D:3      | Bought a scroll of identify for 22 gold pieces
  1349 | D:3      | Bought a scroll of identify for 22 gold pieces
  1353 | D:3      | Killed Jessica
  1383 | D:3      | Reached *** piety under Trog
  1386 | D:3      | Reached skill level 4 in Long Blades
  1473 | D:3      | Reached XP level 5. HP: 41/53 MP: 4/4
  1987 | D:4      | Noticed an ogre
  1994 | D:4      | Killed an ogre
  1995 | D:4      | Reached skill level 5 in Long Blades
  1995 | D:4      | Reached XP level 6. HP: 48/62 MP: 5/5
  2079 | D:4      | Noticed Menkaure
  2085 | D:4      | Killed Menkaure
  2193 | D:4      | Reached XP level 7. HP: 70/70 MP: 6/6
  2193 | D:4      | Noticed Edmund
  2206 | D:4      | Killed Edmund
  2238 | D:4      | Found a snail-covered altar of Cheibriados.
  2313 | D:4      | Reached skill level 6 in Long Blades
  2400 | D:4      | Found a glowing golden altar of the Shining One.
  2401 | D:4      | Found an iron altar of Okawaru.
  2565 | D:5      | Entered Level 5 of the Dungeon
  2578 | D:5      | Found a shimmering blue altar of Sif Muna.
  2659 | D:5      | Found a staircase to the Ecumenical Temple.
  2843 | D:5      | Reached **** piety under Trog
  3660 | D:6      | Reached skill level 5 in Fighting
  3670 | D:6      | Reached XP level 8. HP: 74/76 MP: 7/7
  3805 | D:6      | Reached skill level 7 in Long Blades
  3805 | D:6      | Found an iron altar of Okawaru.
  4685 | D:7      | Found a stormy altar of Qazlal.
  4764 | D:7      | Reached skill level 8 in Long Blades
  4984 | D:7      | Reached XP level 9. HP: 26/89 MP: 2/8
  5074 | D:7      | Reached ***** piety under Trog
  5506 | D:8      | Found a staircase to the Lair.
  5519 | D:8      | Reached skill level 9 in Long Blades
  6365 | D:8      | Reached skill level 10 in Long Blades
  6366 | D:8      | Received a gift from Trog
  6502 | D:9      | Reached XP level 10. HP: 102/102 MP: 9/9
  6640 | D:9      | Found a shadowy altar of Dithmenos.
  6980 | D:9      | Found an ornate altar of the Wu Jian Council.
  7083 | D:10     | Entered Level 10 of the Dungeon
  7210 | D:10     | Found a flagged portal.
  7225 | Bailey   | Entered a bailey
  7225 | Bailey   | Noticed an orc knight
  7225 | Bailey   | Noticed an orc knight
  7234 | Bailey   | Killed an orc knight
  7250 | Bailey   | Killed an orc knight
  7308 | Bailey   | Reached skill level 11 in Long Blades
  7322 | Bailey   | Noticed an orc knight
  7331 | Bailey   | Noticed an orc knight
  7332 | Bailey   | Killed an orc knight
  7342 | Bailey   | Killed an orc knight
  7707 | D:10     | Found a sacrificial altar of Ru.
  7850 | D:10     | Noticed Maurice
  7864 | D:10     | Killed Maurice
  7958 | D:10     | Reached XP level 11. HP: 66/108 MP: 7/10
  8137 | D:11     | Identified a scroll of acquirement
  8139 | D:11     | Acquired a manual of Dodging
  8174 | D:11     | Found Hoqoc's Assorted Antiques.
  8206 | D:11     | Noticed Erolcha
  8217 | D:11     | Killed Erolcha
  8283 | D:11     | Reached skill level 5 in Dodging
  8319 | D:11     | Found a sparkling altar of Nemelex Xobeh.
  8346 | D:11     | Noticed a two-headed ogre
  8349 | D:11     | Noticed an eight-headed hydra
  8359 | D:11     | Killed a two-headed ogre
  8371 | D:11     | Killed a nine-headed hydra
  8578 | D:11     | Noticed Urug
  8593 | D:11     | Killed Urug
  9160 | D:12     | Found a staircase to the Orcish Mines.
  9247 | D:12     | Found the +7 mace of Variability {chain chaos}
  9301 | D:12     | Found a shimmering altar of Xom.
  9559 | D:12     | Reached skill level 10 in Dodging
  9923 | D:12     | Noticed Fannar
  9935 | D:12     | Killed Fannar
 10169 | D:13     | Noticed a boulder beetle
 10189 | D:13     | Killed a boulder beetle
 10315 | D:13     | Noticed a catoblepas
 10339 | D:13     | Killed a catoblepas
 10344 | D:13     | Reached XP level 12. HP: 121/122 MP: 9/11
 10385 | D:13     | Noticed a four-headed hydra
 10402 | D:13     | Noticed a centaur warrior
 10405 | D:13     | Noticed an ogre mage
 10418 | D:13     | Noticed a two-headed ogre
 10421 | D:13     | Noticed a centaur warrior
 10455 | D:12     | Killed a two-headed ogre
 10575 | D:12     | Received a gift from Trog
 10654 | D:13     | Killed a two-headed hydra
 10773 | Lair:1   | Entered Level 1 of the Lair of Beasts
 10799 | Lair:1   | Found a gate leading to a gauntlet.
 10813 | Gauntlet | Entered a Gauntlet
 10813 | Gauntlet | Found a large runed translucent door.
 10813 | Gauntlet | Found a large runed translucent door.
 10813 | Gauntlet | Found a large runed translucent door.
 10813 | Gauntlet | Found a large runed translucent door.
 10813 | Gauntlet | Found a large runed translucent door.
 10813 | Gauntlet | Found a large runed translucent door.
 10813 | Gauntlet | Found a large runed translucent door.
 10813 | Gauntlet | Found a large runed translucent door.
 10813 | Gauntlet | Found a runed translucent door.
 10813 | Gauntlet | Found a runed translucent gate.
 10813 | Gauntlet | Found a transporter.
 10813 | Gauntlet | Found a transporter.
 10813 | Gauntlet | Found a runed translucent gate.
 10813 | Gauntlet | Found a transporter.
 10822 | Gauntlet | Found a transporter.
 10823 | Gauntlet | Found a transporter.
 10833 | Gauntlet | Found a transporter.
 10837 | Gauntlet | Found a transporter.
 10842 | Gauntlet | Noticed a cacodemon
 10849 | Gauntlet | Found a transporter.
 10920 | Gauntlet | Found a runed translucent door.
 10921 | Gauntlet | Found a large runed translucent door.
 10921 | Gauntlet | Found a large runed translucent door.
 10921 | Gauntlet | Found a large runed translucent door.
 10921 | Gauntlet | Found a large runed translucent door.
 10922 | Gauntlet | Found a large runed translucent door.
 10922 | Gauntlet | Found a large runed translucent door.
 10923 | Gauntlet | Found a large runed translucent door.
 10923 | Gauntlet | Found a large runed translucent door.
 10932 | Gauntlet | Found a runed translucent gate.
 10938 | Gauntlet | Found a transporter.
 10948 | Gauntlet | Found a transporter.
 10952 | Gauntlet | Found a transporter.
 10962 | Gauntlet | Found a transporter.
 11036 | Gauntlet | Reached skill level 12 in Long Blades
 11105 | Gauntlet | Identified the +2 helmet of Qazlal's Fury {Harm +Blink
                  | Str+2 SInv}
 11131 | Gauntlet | Noticed a minotaur
 11138 | Gauntlet | Killed a minotaur
 12373 | Lair:2   | Found a hole to the Spider Nest.
 12421 | Lair:2   | Found a runed translucent gate.
 12425 | Lair:2   | Found a runed translucent gate.
 12615 | Lair:2   | Found a runed translucent gate.
 12619 | Lair:2   | Noticed Quifiutz's ghost (journeyman DsGl)
 12638 | Lair:2   | Identified the +7 long sword of Ymugupte {vorpal, rF+ rN+
                  | MP+9 Dex+3}
 13041 | Lair:2   | Killed Quifiutz's ghost
 13042 | Lair:2   | Reached skill level 13 in Long Blades
 13150 | Lair:3   | Noticed an eight-headed hydra
 13153 | Lair:3   | Found a dark tunnel.
 13164 | Lair:3   | Killed a four-headed hydra
 13171 | Lair:3   | Reached XP level 13. HP: 133/133 MP: 9/12
 13201 | Volcano  | Entered a volcano
 13258 | Volcano  | Found a bloodstained altar of Trog.
 13259 | Volcano  | Noticed a red draconian
 13281 | Volcano  | Reached skill level 10 in Fighting
 13374 | Volcano  | Killed a red draconian
 13514 | Lair:3   | Found a staircase to the Shoals.
 14144 | Lair:4   | Noticed Kirke
 14167 | Lair:4   | Killed Kirke
 14168 | Lair:4   | Reached skill level 14 in Long Blades
 14192 | Lair:4   | Noticed Rupert
 14203 | Lair:4   | Killed Rupert
 14707 | Lair:4   | Identified the ring "Odypenou" {rF+ rN+ MP-9 SInv}
 14761 | Lair:4   | Killed from afar by an oklob plant

Illustrated notes

Levels and vault maps discovered:
D:1:      lightli_arrival_flooded_house, layout_loops_ring,
          corexii_hall_statues_u, minmay_split_cup_small
D:2:      layout_loops_ring
D:3:      layout_rooms, serial_shops, nicolae_shop_stone,
          minmay_randomly_rotated_circles, uniq_jessica, uniq_natasha
D:4:      layout_cave_pools, kennysheep_slug_shrine,
          gammafunk_temple_overflow_statue, uniq_menkaure, uniq_edmund
D:5:      layout_layer_cave, temple_pool_b, basic_altar,
          serial_co_window_serial, co_window_paths_a, co_window_cross_1,
          co_window_corner_a, co_window_of_opportunity_a, co_window_paths_b,
          co_window_paths_b, co_window_of_opportunity_a, co_window_paths_a,
          co_window_corner_a, co_window_2corner, co_window_cross_2,
          co_window_paths_c, co_window_corner_b, co_window_broadway_a,
          co_window_corner_cb, co_window_paths_d, glass_columns_b
D:6:      layout_basic, okawaru_ov_weapons_minmay
D:7:      layout_loops_ring, basic_altar, kennysheep_generic_room_5
D:8:      layout_gridville, erik_lair_orcish_takeover
D:9:      layout_gridville, overflow_temple_1_default, old_standard_altar
D:10:     layout_roguey, enter_bailey_4, nicolae_ru_sacrificial_ziggurat,
          uniq_maurice
D:11:     minmay_weird_star, layout_loops_ring, basic_altar, serial_shops,
          shop_coins, uniq_erolcha, uniq_urug
D:12:     layout_loops_corners, orc_0_dummy, kennysheep_crisscross,
          minmay_guarded_unrand_variability, uniq_fannar
D:13:     layout_loops_ring, hangedman_vaults_entry_quadrant_bands,
          hangedman_pestilent_swarm
Lair:1:   layout_long_grid, gauntlet_entry_generic, pond, serial_bayou_shore_a
Lair:2:   layout_regular_city, spider_nest_entry_rubble,
          ebering_ghost_rock_garden
Lair:3:   layout_cave_shapes, elwin_shoals_entry_rocks,
          lightli_volcano_entry_magma_tube, grunt_megastairs_1,
          minmay_lair_oklob_chamber
Lair:4:   layout_roguey, serial_rivers, chequers_serial_rivers_micro_d,
          chequers_serial_rivers_micro_c, chequers_serial_rivers_small_3,
          chequers_serial_rivers_small_a, dpeg_oklob_1, uniq_kirke, uniq_rupert

Skill      XL: |  1  2  3  4  5  6  7  8  9 10 11 12 13 |
---------------+----------------------------------------+-----
Long Blades    | 3 4 5 6 8 10 11 13 14 | 14.5
Fighting       | 3 4 5 6 7 8 9 10 | 10.9
Dodging        | 11 | 11.9

Action                   |  1- 3 |  4- 6 |  7- 9 | 10-12 | 13-15 || total
-------------------------+-------+-------+-------+-------+-------++-------
Melee: Falchion          |   126 |    37 |       |       |       ||   163
       Long sword        |       |    78 |   319 |   590 |   186 ||  1173
       Scimitar          |       |       |       |    14 |       ||    14
Invok: Berserk           |       |     4 |     9 |    23 |     3 ||    39
       Trog's Hand       |       |       |     1 |     6 |     2 ||     9
       Brothers in Arms  |       |       |       |     8 |       ||     8
Evoke: Wand              |       |       |     7 |    68 |    51 ||   126
       Lightning rod     |       |       |       |     5 |       ||     5
  Use: Scroll            |       |     8 |     2 |    16 |       ||    26
       Potion            |       |       |       |     2 |       ||     2
 Stab: Sleeping          |     1 |     1 |     1 |     1 |       ||     4
       Petrified         |       |       |       |     7 |       ||     7
       Petrifying        |       |       |       |     1 |       ||     1
       Paralysed         |       |       |       |    16 |     8 ||    24
       Distracted        |       |       |       |     1 |       ||     1
Armor: Animal skin       |    49 |    35 |    83 |    26 |       ||   193
       Troll leather arm |       |       |       |   100 |    40 ||   140
Dodge: Dodged            |   103 |    87 |   254 |   492 |   183 ||  1119
       Rpst.: Falchion   |    33 |    11 |       |       |       ||    44
       Long sword        |       |    16 |    61 |   111 |    48 ||   236
       Scimitar          |       |       |       |     4 |       ||     4

Table legend: (Time is in decaauts)
 A = Elapsed time spent in this place.
 B = Non-inter-level travel time spent in this place.
 C = Inter-level travel time spent in this place.
 D = Time resting spent in this place.
 E = Time spent auto-exploring this place.
 F = Levels seen in this place.
 G = Mean time per level.
                   A        B        C        D        E       F      G
               +--------+--------+--------+--------+--------+-----+--------+
         Total |  14952 |  14297 |    655 |    945 |  10089 |  20 |  747.6 |
       Dungeon |  10640 |  10128 |    512 |    607 |   7380 |  13 |  818.5 |
          Lair |   3393 |   3251 |    142 |    208 |   2424 |   4 |  848.2 |
        Bailey |    334 |    334 |      0 |     75 |     73 |   1 |  334.0 |
       Volcano |    228 |    228 |      0 |     39 |     54 |   1 |  228.0 |
      Gauntlet |    355 |    355 |      0 |     15 |    157 |   1 |  355.0 |
               +--------+--------+--------+--------+--------+-----+--------+

Top non-repeatable levels by time:
    D:12: 1259 daAuts
    D:11: 1116 daAuts
     D:6: 1107 daAuts
     D:8: 1053 daAuts
  Lair:2: 1046 daAuts
     D:5: 1025 daAuts
  Lair:1: 949 daAuts
     D:7: 812 daAuts
  Lair:3: 783 daAuts
     D:1: 746 daAuts
    D:10: 706 daAuts
     D:4: 662 daAuts
     D:3: 646 daAuts
  Lair:4: 613 daAuts
     D:9: 613 daAuts
